 Dungeon Crawl Stone Soup version 0.29.1-13-g9f3cf754e1 (webtiles) character file.

Game seed: 118820809635944795

23 Heoruswealwe the Grave Robber (level 2, -3/15 HPs)
             Began as a Deep Elf Necromancer on Feb 5, 2023.
             Slain by an adder (4 damage)
             ... on level 2 of the Dungeon.
             The game lasted 00:12:07 (1067 turns).

Heoruswealwe the Grave Robber (DENe)                Turns: 1067, Time: 00:12:08

Health: -3/15      AC:  2    Str:  5    XL:     2   Next: 75%
Magic:  8/8        EV: 13    Int: 19    God:
Gold:   20         SH:  0    Dex: 21    Spells: 6/7 levels left

rFire   . . .      SeeInvis .   o - +0 short sword
rCold   . . .      Faith    .   (no shield)
rNeg    . . .      Spirit   .   a - +0 robe
rPois   .          Reflect  .   (no helmet)
rElec   .          Harm     .   (no cloak)
rCorr   .          Rampage  .   (no gloves)
Will    .....                   (no boots)
Stlth   +++.......              (no amulet)
HPRegen 0.05/turn               m - +6 ring of dexterity
MPRegen 0.11/turn               (no ring)

@: no status effects
A: no striking features
a: no special abilities


You were on level 2 of the Dungeon.
You visited 1 branch of the dungeon, and saw 2 of its levels.

You collected 20 gold pieces.

Inventory:

Hand Weapons
 g - a +0 club
 k - a +0 club
 o - a +0 short sword (weapon)
 p - a +0 short sword
 q - a +0 whip
Missiles
 c - 3 boomerangs
 n - 8 stones
Armour
 a - a +0 robe (worn)
Jewellery
 m - a +6 ring of dexterity (left hand)
Scrolls
 f - a scroll of teleportation {unknown}
Potions
 d - 3 potions of curing {unknown}
 e - a potion of mutation {unknown}
 h - a potion of haste {unknown}
 i - 2 potions of flight {unknown}
 j - a potion of heal wounds {unknown}
 l - a potion of brilliance {unknown}


   Skills:
 + Level 2.4 Dodging
 + Level 2.5 Stealth
 + Level 3.3 Spellcasting
 + Level 5.6 Necromancy


You had 6 spell levels left.
You knew the following spells:

 Your Spells              Type           Power      Damage    Failure   Level
a - Necrotise             Necr           96%        1d8       1%          1

Your spell library contained the following spells:

 Spells                   Type           Power      Damage    Failure   Level
 Vampiric Draining        Necr           24%        2d7       4%          3
 Animate Dead             Necr           24%        N/A       14%         4
 Agony                    Necr           24%        N/A       36%         5


Dungeon Overview and Level Annotations

Branches:
Dungeon (2/15)

Altars:


Message History

Aiming: Necrotise (safe; 1% risk of failure)
Press: ? - help, Shift-Dir - straight line, f - adder, p - worm
Aim: an adder (chance to affect: 88%)
The adder writhes in agony.
Your goblin skeleton hits the worm.
Your kobold skeleton hits the worm.
Casting: Necrotise (safe; 1% risk of failure)
Confirm with . or Enter, or press ? or * to list all spells.
Aiming: Necrotise (safe; 1% risk of failure)
Press: ? - help, Shift-Dir - straight line, f/p - adder
Aim: an adder (lightly wounded, chance to affect: 88%)
The adder writhes in agony!
The adder misses you.
A rat comes into view.
Casting: Necrotise (safe; 1% risk of failure)
Confirm with . or Enter, or press ? or * to list all spells.
Aiming: Necrotise (safe; 1% risk of failure)
Press: ? - help, Shift-Dir - straight line, f/p - adder
Aim: an adder (severely wounded, chance to affect: 88%)
The adder barely resists.
The adder misses you.
Your goblin skeleton hits the worm.
Casting: Necrotise (safe; 1% risk of failure)
Confirm with . or Enter, or press ? or * to list all spells.
Aiming: Necrotise (safe; 1% risk of failure)
Press: ? - help, Shift-Dir - straight line, f/p - adder
Aim: an adder (severely wounded, chance to affect: 88%)
The adder writhes in agony.
The adder bites you but does no damage.
Your kobold skeleton hits the worm.
The worm bites you. The goblin hits you but does no damage.
The frilled lizard bites you but does no damage.
The adder bites you. Magic courses through your body.
The adder closely misses you.
Your kobold skeleton hits the worm but does no damage.
The frilled lizard misses you. The goblin misses you.
The goblin attacks as you move away! The goblin hits you with a +0 club.
* * * LOW HITPOINT WARNING * * *
Found a stone staircase leading down.
Your goblin skeleton barely misses the worm.
The frilled lizard bites you.
* * * LOW HITPOINT WARNING * * *
The adder attacks as you move away! The adder bites you.
You die...

........#
........#
>......# #
#.....#
.#.#.....#
.........#
#.....Zw.#
#...r[)l@#
#.....ZwS#
....<..g.#
.#.##....#
# #....#
#....#
###.## #.#
#.#
##########


You could see 2 worms, an adder, a goblin, a frilled lizard, a rat, a friendly
goblin skeleton and a friendly kobold skeleton.

Vanquished Creatures
  A bat (D:1)
  5 endoplasms
  A giant cockroach (D:1)
  2 goblins
  A hobgoblin (D:1)
  5 kobolds
  A frilled lizard (D:1)
  3 rats (D:1)
19 creatures vanquished.

Vanquished Creatures (collateral kills)
  A giant cockroach (D:1)
1 creature vanquished.

Grand Total: 20 creatures vanquished

Notes
Turn   | Place    | Note
-------+----------+-------------------------------------------
     0 | D:1      | Heoruswealwe the Deep Elf Necromancer began the quest for
                  | the Orb.
     0 | D:1      | Reached XP level 1. HP: 10/10 MP: 6/6
   111 | D:1      | Reached skill level 5 in Necromancy
   339 | D:1      | Reached XP level 2. HP: 15/15 MP: 5/8
   615 | D:1      | Found a faded altar of an unknown god.
  1067 | D:2      | Slain by an adder

Illustrated notes

Levels and vault maps discovered:
D:1:      co_arrival_random_square_maze, layout_basic,
          shapermc_ecumenical_altar_pompeii, chequers_serial_rivers_micro_c,
          hangedman_decor_growths
D:2:      layout_basic

Skill      XL: |  1 |
---------------+----+-----
Necromancy     | 5 |  5.6
Dodging        | |  2.4
Stealth        | |  2.5
Spellcasting   | |  3.3

Action                   || total
-------------------------++-------
 Cast: Necrotise         ||    38
  Use: Potion            ||     1
Armor: Robe              ||     3
Dodge: Dodged            ||     7
